 Dungeon Crawl Stone Soup version 0.31-a0-986-g5e6e4ef867 (webtiles) character file.

Game seed: 13267017515365826834

79 runemasterragnar the Firebug (level 4, -3/42 HPs)
             Began as an Ogre Fire Elementalist on Nov 22, 2023.
             Was an Initiate of Gozag.
             Slain by a goblin
             ... wielding a +0 club
             ... led by Robin
              (5 damage)
             ... on level 3 of the Dungeon.
             The game lasted 00:03:37 (2070 turns).

runemasterragnar the Firebug (OgFE)                 Turns: 2070, Time: 00:03:38

Health: -3/42      AC:  3    Str: 10 (12) XL:     4   Next: 38%
Magic:  8/8        EV:  9    Int: 17 (18) God:    Gozag
Gold:   96         SH:  0    Dex:  8 (9)  Spells: 3/9 levels left

rFire   + . .        s - +1 whip (drain)
rCold   . . .        (no shield)
rNeg    . . .        a - +0 robe
rPois   .            (helmet restricted)
rElec   .            (no cloak)
rCorr   +            (gloves unavailable)
SInv    .            (boots unavailable)
Will    +....        (no amulet)
Stlth   +            h - ring of resist corrosion
HPRegen 0.27/turn    p - ring of protection from fire
MPRegen 0.11/turn

%: no passive effects
@: gold aura, enlightened, flying
A: large, unfitting armour, tough skin 1
a: Renounce Religion, Potion Petition, Call Merchant, Bribe Branch


You were on level 3 of the Dungeon.
You worshipped Gozag.
Gozag was noncommittal.
You visited 1 branch of the dungeon, and saw 3 of its levels.

You collected 112 gold pieces.
You paid 16 gold pieces to Gozag.

Inventory:

Hand Weapons
 f - a +0 spear
 g - a +3 dagger
 s - a +1 whip of draining (weapon)
Armour
 a - a +0 robe (worn)
Jewellery
 d - an amulet of guardian spirit
 h - a ring of resist corrosion (left hand)
 p - a ring of protection from fire (right hand)
Wands
 l - a wand of light (4)
 n - a wand of flame (7)
Scrolls
 c - 2 scrolls of fear {unknown}
 e - 2 scrolls of identify
 m - a scroll of teleportation {unknown}
 o - a scroll of vulnerability {unknown}
 q - 2 scrolls of enchant weapon
 r - a scroll of fog {unknown}
Potions
 b - a potion of magic


   Skills:
 + Level 1.8 Fighting
 - Level 1.7 Dodging
 - Level 1.4 Stealth
 + Level 3.0 Spellcasting
 * Level 2.1 Conjurations
 * Level 3.4 Fire Magic


You had 3 spell levels left.
You knew the following spells:

 Your Spells              Type           Power      Damage    Failure   Level
a - Foxfire               Conj/Fire      48%        2x1d6     5%          1
b - Scorch                Fire           28%        2d6       6%          2
c - Stone Arrow           Conj/Erth      12%        3d7       32%         3

Your spell library contained the following spells:

 Spells                   Type           Power      Damage    Failure   Level
 Inner Flame              Hex/Fire       8%         N/A       26%         3
 Volatile Blastmotes      Fire/Tloc      16%        2d11      26%         3
 Flame Wave               Conj/Fire      12%        2d6       50%         4
 Animate Armour           Summ/Erth      4%         N/A       86%         4
 Malign Gateway           Summ/Tloc      1%         N/A       100%        7
 Lehudib's Crystal Spear  Conj/Erth      3%         10d2      100%        8
 Summon Horrible Things   Summ           1%         N/A       100%        8


Dungeon Overview and Level Annotations

Branches:
Dungeon (3/15)

Altars:
Gozag

Annotations:
D:3 Terence


Innate Abilities, Weirdness & Mutations

You are too large for most types of armour.
You have tough skin. (AC +1)


Message History

You fly up into the air.
The goblin closely misses you. The goblin barely misses you.
The hobgoblin completely misses you. The goblin hits you with a +0 club.
* * * LOW HITPOINT WARNING * * *
Unknown command.
It was a potion of curing.
You feel better. The goblin hits you with a +0 club.
The goblin closely misses you. The goblin hits you but does no damage.
As you read the scroll labelled SUMPOERU NUMP, it crumbles to dust.
It is a scroll of identify.
q - 2 scrolls of enchant weapon The goblin hits you with a +0 club.
* * * LOW HITPOINT WARNING * * *
The goblin hits you but does no damage. The goblin hits you with a +0 club.
* * * LOW HITPOINT WARNING * * *
The hobgoblin barely misses you.
Okay, then.
Aiming: Bolt of Light
Press: ? - help, Shift-Dir - straight line, f - Robin
Aim: Robin, wielding a +0 short sword, wearing a +0 animal skin and wearing a +0 helmet (79% to hit)
The bolt of light hits the hobgoblin!
You kill the hobgoblin!
The bolt of light hits Robin!
Robin is severely wounded.
Robin is blinded.
The goblin hits you with a +0 club.
* * * LOW HITPOINT WARNING * * *
The goblin hits you with a +0 dagger.
* * * LOW HITPOINT WARNING * * *
The goblin closely misses you.
Your Spellcasting skill increases to level 3!
Unknown command.
Aiming: Bolt of Light
Press: ? - help, Shift-Dir - straight line, f/p - Robin
Aim: Robin, wielding a +0 short sword, wearing a +0 animal skin and wearing a +0 helmet (severely wounded, blind, 79% to hit)
The bolt of light hits the hobgoblin.
The hobgoblin is severely wounded.
The hobgoblin is blinded.
The bolt of light hits Robin!
You kill Robin!
The hobgoblin barely misses you. The goblin hits you with a +0 club.
You die...
Your body crumbles into a pile of gold. ....... ....... ....... ......g >..g. .gg

#g##### #g@g..#
#g###.# ## #. #.#
.. #. ##'### #.
#.##....# #.
..#.....+.#####.###
###.....#..........
#.....#######..##
#..#### ####...


You could see 2 hobgoblins and 6 goblins.

Vanquished Creatures
  Jessica (D:2)
  Robin (D:3)
  2 worms (D:2)
  A dart slug (D:2)
  3 orcs (D:3)
  4 endoplasms (D:1)
  4 goblins
  5 hobgoblins
  3 jackals (D:1)
  3 kobolds (D:2)
  A quokka (D:2)
  4 ball pythons
  5 bats
  4 frilled lizards
  2 rats
43 creatures vanquished.

Vanquished Creatures (others)
  59 foxfires
59 creatures vanquished.

Grand Total: 102 creatures vanquished

Notes
Turn   | Place    | Note
-------+----------+-------------------------------------------
     0 | D:1      | runemasterragnar the Ogre Fire Elementalist began the quest
                  | for the Orb.
     0 | D:1      | Reached XP level 1. HP: 16/16 MP: 3/3
    41 | D:1      | Reached skill level 1 in Conjurations
   316 | D:1      | Reached XP level 2. HP: 26/26 MP: 2/5
   600 | D:1      | Reached skill level 1 in Fighting
   610 | D:1      | Reached XP level 3. HP: 20/33 MP: 3/6
  1227 | D:2      | Noticed Jessica
  1234 | D:2      | Killed Jessica
  1235 | D:2      | Reached XP level 4. HP: 42/42 MP: 4/8
  1404 | D:2      | Found an opulent altar of Gozag.
  1409 | D:2      | Found a faded altar of an unknown god.
  1433 | D:2      | Became a worshipper of Gozag Ym Sagoz the Greedy
  1928 | D:3      | Noticed Terence
  1939 | D:3      | Learned a level 2 spell: Scorch
  1943 | D:3      | Learned a level 3 spell: Stone Arrow
  2057 | D:3      | Noticed Robin
  2069 | D:3      | HP: 2/42 [goblin/+0 dagger[Robin] (1)]
  2070 | D:3      | Killed Robin
  2070 | D:3      | Slain by a goblin

Illustrated notes

Levels and vault maps discovered:
D:1:      onia_arrival_pyramid, layout_rooms, serial_curves, eino_curves_01,
          eino_curves_01, solitary_fountain
D:2:      layout_loops_cross, dreamdust_ecumenical_altar_statues, basic_altar,
          uniq_jessica
D:3:      layout_basic, nicolae_qazlal_general_emergency, serial_shops,
          nicolae_shop_trees, hangedman_decor_slide_cut, uniq_robin,
          uniq_terence, uniq_sigmund

Skill      XL: |  1  2  3  4 |
---------------+-------------+-----
Conjurations   | 1 2 |  2.1
Fire Magic     | 3 |  3.4
Fighting       | 1 |  1.8
Spellcasting   | 3 |  3.0
Dodging        | |  1.7
Stealth        | |  1.4

Action                     |  1- 3 |  4- 6 || total
---------------------------+-------+-------++-------
  Melee: Dagger            |    47 |    47 ||    94
         Spear             |     2 |       ||     2
         Whip              |       |     6 ||     6
   Cast: Foxfire           |    37 |     8 ||    45
  Evoke: Wand              |       |     2 ||     2
    Use: Potion            |       |     3 ||     3
         Scroll            |       |     1 ||     1
 Armour: Robe              |    31 |    68 ||    99
  Dodge: Dodged            |    16 |    39 ||    55

Table legend: (Time is in decaauts)
 A = Elapsed time spent in this place.
 B = Non-inter-level travel time spent in this place.
 C = Inter-level travel time spent in this place.
 D = Time resting spent in this place.
 E = Time spent auto-exploring this place.
 F = Levels seen in this place.
 G = Mean time per level.
                   A        B        C        D        E       F      G
               +--------+--------+--------+--------+--------+-----+--------+
         Total |   2067 |   2025 |     42 |    331 |   1282 |   3 |  689.0 |
       Dungeon |   2067 |   2025 |     42 |    331 |   1282 |   3 |  689.0 |
               +--------+--------+--------+--------+--------+-----+--------+

Top non-repeatable levels by time:
     D:1: 875 daAuts
     D:2: 766 daAuts
     D:3: 425 daAuts
